 Dungeon Crawl Stone Soup version 0.31.0-11-ge490571c62 (webtiles) character file.

Game seed: 8078950349131135871

26 qw the Shooter (level 2, -1/14 HPs)
             Began as a Spriggan Hunter on Feb 3, 2024.
             Slain by an orc
             ... wielding a +0 mace
              (6 damage)
             ... on level 2 of the Dungeon.
             The game lasted 00:00:02 (588 turns).

qw the Shooter (Spriggan Hunter)                     Turns: 588, Time: 00:00:03

Health: -1/14      AC:  3    Str:  7    XL:     2   Next: 89%
Magic:  3/3        EV: 19    Int: 10    God:
Gold:   23         SH:  0    Dex: 18    Spells: 1/1 levels left

rFire   . . .        a - +0 shortbow
rCold   . . .        (shield currently unavailable)
rNeg    . . .        c - +0 robe
rPois   .            (helmet restricted)
rElec   .            g - +0 cloak
rCorr   .            (gloves unavailable)
SInv    +            (boots unavailable)
Will    .....        (no amulet)
Stlth   ++           (no ring)
HPRegen 0.22/turn    (no ring)
MPRegen 0.08/turn

%: no passive effects
@: very quick
A: very small, no large weapons, unfitting armour, see invisible, speed 3
a: no special abilities


You were on level 2 of the Dungeon.
You visited 1 branch of the dungeon, and saw 2 of its levels.

You collected 23 gold pieces.


Innate Abilities, Weirdness & Mutations

You are very small and have problems with some larger weapons.
You are too small for most types of armour.
You have supernaturally acute eyesight. (SInv)
You cover ground extremely quickly. (Speed+++)


   Skills:
 - Level 1.5 Fighting
 + Level 4.3 Ranged Weapons
 - Level 4.0 Dodging
 - Level 1.5 Stealth


You had one spell level left.
You didn't know any spells.
Your spell library was empty.

Inventory:

Hand Weapons
 a - a +0 shortbow (weapon)
Armour
 c - a +0 robe (worn)
 g - a +0 cloak (worn)
Scrolls
 e - a scroll of identify
Potions
 f - a potion of curing

Dungeon Overview and Level Annotations

Branches:
Dungeon (2/15)

Altars:

Shops:
D:1 [[*![


Message History

Found a falchion and 9 gold pieces.
There is a stone staircase leading up here.
There are monsters nearby!
Waypoint 1 assigned to D:2.
You shoot an arrow. The arrow barely misses the hobgoblin.
The orc shouts!
An orc comes into view. It is wielding a +0 hand axe.
An orc comes into view. It is wielding a +0 flail.
An orc comes into view. It is wielding a +0 mace.
575 ||| RETREEEEATING.
A quokka comes into view.
576 ||| RETREEEEATING.
577 ||| RETREEEEATING.
The hobgoblin hits you but does no damage.
578 ||| RETREEEEATING.
579 ||| RETREEEEATING.
You shoot an arrow. The arrow hits the hobgoblin!
You kill the hobgoblin!
You shoot an arrow.
The arrow hits the orc but does no damage.
You shoot an arrow.
The arrow hits the orc but does no damage.
The orc misses you. The orc closely misses you.
You shoot an arrow. The arrow hits the orc!
You kill the orc!
The orc barely misses you.
You shoot an arrow. The arrow hits the orc!
You kill the orc!
The orc completely misses you.
You shoot an arrow. The arrow barely misses the orc.
The orc closely misses you. The orc completely misses you. x2
You shoot an arrow. The arrow barely misses the orc.
The orc closely misses you. The orc hits you with a +0 mace.
The orc misses you.
You shoot an arrow. The arrow hits the orc.
The orc is lightly wounded.
The orc hits you with a +0 club. The orc misses you. The orc barely misses you.
You shoot an arrow. The arrow closely misses the orc.
The orc hits you with a +0 club. The orc closely misses you. x2
The orc misses you. The orc hits you with a +0 mace.
You die...

############
#.......ro@##
.........oo.##
..........%..#
.............#
.............#
........<....#
.......)........
.........$......
#...............


You could see 3 orcs and a quokka.

Vanquished Creatures
  2 dart slugs (D:1)
  2 orcs (D:2)
  A giant cockroach (D:1)
  3 goblins (D:1)
  A hobgoblin (D:2)
  3 jackals (D:1)
  2 bats (D:1)
  A frilled lizard (D:1)
  2 kobolds (D:1)
  A rat (D:1)
18 creatures vanquished.

Notes
Turn   | Place    | Note
-------+----------+-------------------------------------------
     0 | D:1      | qw the Spriggan Hunter began the quest for the Orb.
     0 | D:1      | Reached XP level 1. HP: 10/10 MP: 2/2
     0 | D:1      | 0 ||| qw: Version: 0.3-a-158-g18b3111
     0 | D:1      | 0 ||| qw: Game counter: 4206
     0 | D:1      | 0 ||| qw: Melee chars always use a shield: true
     0 | D:1      | 0 ||| qw: God list: Okawaru
     0 | D:1      | 0 ||| qw: Allow faded altars: false
     0 | D:1      | 0 ||| qw: Do Orc after clearing Dungeon:15 true
     0 | D:1      | 0 ||| qw: Do second Lair branch before Depths: true
     0 | D:1      | 0 ||| qw: Lair rune preference: random
     0 | D:1      | 0 ||| qw: Goals: Normal
     0 | D:1      | 0 ||| PLANNING D:1-11
    49 | D:1      | Reached skill level 3 in Dodging
   109 | D:1      | Reached XP level 2. HP: 14/14 MP: 3/3
   191 | D:1      | Found Xadisane's Distillery.
   191 | D:1      | Found Erhiomef's General Store.
   195 | D:1      | 195 ||| SHOPLISTING 2 potions of curing (78 gold, have 7).
   195 | D:1      | 195 ||| SHOPLISTING potion of cancellation (104 gold, have
                  | 7).
   195 | D:1      | 195 ||| SHOPLISTING potion of curing (39 gold, have 7).
   195 | D:1      | 195 ||| SHOPLISTING potion of heal wounds (65 gold, have
                  | 7).
   195 | D:1      | 195 ||| SHOPLISTING potion of might (52 gold, have 7).
   202 | D:1      | 202 ||| SHOPLISTING 2 potions of curing (84 gold, have 7).
   202 | D:1      | 202 ||| SHOPLISTING potion of curing (42 gold, have 7).
   205 | D:1      | Found Kar Camu's Armour Emporium.
   224 | D:1      | Found Muefir's Armour Shoppe.
   277 | D:1      | Found Logaibet's Armour Shop.
   501 | D:1      | 501 ||| UPGRADING to +0 cloak.
   506 | D:1      | 506 ||| READING scroll labelled JIRE GUILA.
   507 | D:1      | 507 ||| READING 2 scrolls labelled BOAKU TYCZIAB.
   507 | D:1      | 507 ||| IDENTIFYING metallic cyan potion
   508 | D:1      | 508 ||| DROPPING scroll of butterflies.
   575 | D:2      | 575 ||| RETREEEEATING.
   576 | D:2      | 576 ||| RETREEEEATING.
   577 | D:2      | 577 ||| RETREEEEATING.
   578 | D:2      | 578 ||| RETREEEEATING.
   579 | D:2      | 579 ||| RETREEEEATING.
   588 | D:2      | Slain by an orc

Levels and vault maps discovered:
D:1:      kennysheep_arrival_seaside, layout_rooms, serial_shops,
          nicolae_shop_gibbet_a_chance, shop, shop, nicolae_shop_tiny_glass,
          shop, kennysheep_boxes
D:2:      layout_rooms, chequers_ecumenical_altar_island, basic_altar,
          kennysheep_generic_room_13

Skill      XL: |  1  2 |
---------------+-------+-----
Dodging        | 3 4 |  4.0
Fighting       | |  1.5
Ranged Weapons | |  4.3
Stealth        | |  1.5

Action                     || total
---------------------------++-------
   Fire: Shortbow          ||    60
    Use: Scroll            ||     2
 Armour: Robe              ||     7
  Dodge: Dodged            ||    23

Table legend:
 A = Non-vault XP
 B = Vault XP
 C = Vault XP percentage of total XP
 D = Non-vault monster count
 E = Vault monster count
 F = Vault count percentage of total count
                 A         B        C        D         E       F
            +---------+---------+-------+---------+---------+-------
      Total |      38 |       0 |   0.0 |      18 |       0 |   0.0
            +---------+---------+-------+---------+---------+-------
        D:1 |      30 |       0 |   0.0 |      15 |       0 |   0.0
        D:2 |       8 |       0 |   0.0 |       3 |       0 |   0.0
            +---------+---------+-------+---------+---------+-------
